 Dungeon Crawl Stone Soup version 0.28-a0-687-gb91baff9cc (webtiles) character file.

Game seed: 8140201510940102132

2372 BlueFish the Covert (level 9, -1/66 HPs)
             Began as a Vampire Delver on Oct 19, 2021.
             Was a Follower of Dithmenos.
             Slain by an orc warlord (28 damage)
             ... on level 6 of the Dungeon.
             The game lasted 00:19:33 (7239 turns).

BlueFish the Covert (Vampire Delver)                Turns: 7239, Time: 00:19:34

Health: -1/66      AC:  9    Str: 11    XL:     9   Next: 21%
Magic:  10/12      EV: 14    Int: 12    God:    Dithmenos [*.....]
Gold:   161        SH:  0    Dex: 19    Spells: 9/12 levels left

rFire   . . .      SeeInvis +   z - +0 rapier
rCold   . . .      Faith    .   (no shield)
rNeg    . . .      Spirit   .   q - +0 troll leather armour {Purgy}
rPois   .          Reflect  .   p - +1 helmet
rElec   .          Harm     .   A - +1 cloak
rCorr   .          Rampage  .   h - +0 pair of gloves
Will    .....                   (no boots)
Stlth   ++++++....              (no amulet)
HPRegen 1.41/turn               (no ring)
MPRegen 0.13/turn               (no ring)

@: healing quickly, wreathed by umbra
A: alive, fangs 3, see invisible, vampiric 2
a: Exsanguinate, Renounce Religion


You were on level 6 of the Dungeon.
You worshipped Dithmenos.
Dithmenos was aware of your devotion.
You visited 2 branches of the dungeon, and saw 8 of its levels.
You also visited: Sewer and Bailey.

You collected 315 gold pieces.
You spent 154 gold pieces at shops.

Inventory:

Hand Weapons
 a - a +0 short sword
 o - a +0 club
 z - a +0 rapier (weapon)
 B - a +1 long sword of freezing
Missiles
 b - 5 poisoned darts
 i - 6 datura-tipped darts (quivered)
 k - 125 stones
 E - 28 boomerangs
Armour
 h - a +0 pair of gloves (worn)
 n - a +1 leather armour of poison resistance
 p - a +1 helmet (worn)
 q - a +0 troll leather armour (worn) {Purgy}
 A - a +1 cloak (worn)
Wands
 g - a wand of digging (8)
 l - a wand of flame (19)
 r - a wand of mindburst (14)
Scrolls
 c - 3 scrolls of fog
 d - 2 scrolls of magic mapping
 e - 2 scrolls of fear
 s - 3 scrolls of enchant armour
 u - 2 scrolls of teleportation
 v - a scroll of blinking
 w - a scroll of brand weapon {unknown}
 y - a scroll of vulnerability {unknown}
 F - 2 scrolls of acquirement
Potions
 f - 2 potions of haste
 j - a potion of mutation
 m - 2 potions of invisibility {unknown}
 t - a potion of cancellation {unknown}
 x - a potion of magic
 C - a potion of flight
 D - a potion of attraction {unknown}


   Skills:
 * Level 4.6 Fighting
 * Level 7.3 Short Blades
 + Level 2.1 Armour
 * Level 4.9 Dodging
 * Level 12.5 Stealth
 * Level 2.3 Spellcasting
 * Level 3.7 Hexes
 * Level 2.1 Invocations


You had 9 spell levels left.
You knew the following spells:

 Your Spells              Type           Power      Damage    Failure   Level
a - Tukima's Dance        Hex            10%        N/A       22%         3

Your spell library contained the following spells:

 Spells                   Type           Power      Damage    Failure   Level
 Ensorcelled Hibernation  Hex/Ice        10%        N/A       24%         2
 Sting                    Tmut/Pois      4%         1d3       34%         1
 Summon Guardian Golem    Hex/Summ       5%         N/A       43%         3
 Ignite Poison            Fire/Tmut/Pois 1%         N/A       71%         3
 Animate Armour           Summ/Erth      2%         N/A       98%         4
 Blade Hands              Tmut           0%         N/A       100%        5
 Irradiate                Conj/Tmut      0%         3d13      100%        5
 Iron Shot                Conj/Erth      0%         9d1       100%        6
 Dragon Form              Tmut           0%         N/A       100%        7


Dungeon Overview and Level Annotations

Branches:
Dungeon (7/15)             Temple (1/1) D:5           Sewer (visited)
 Bailey (visited)

Altars:
Ashenzari
Cheibriados
Dithmenos
Elyvilon
Fedhas
Gozag
Hepliaklqana
Kikubaaqudgha
Makhleb
Nemelex Xobeh
Okawaru
Qazlal
Ru
Sif Muna
Trog
Uskayaw
Vehumet
Wu Jian
Xom
Yredelemnul
Zin
The Shining One

Shops:
D:1 :


Innate Abilities, Weirdness & Mutations

Your natural rate of healing is accelerated.
You have razor-sharp teeth.
You have supernaturally acute eyesight. (SInv)
You are afflicted with vampirism and can become a bat while bloodless.


Message History

Moving in this stuff is going to be slow.
You see here the +0 leather armour of the Little Devil {-Tele Int+4}.
F - a scroll of acquirement The orc warlord shouts!
Casting: Tukima's Dance (dangerous; 22% risk of failure)
Confirm with . or Enter, or press ? or * to list all spells.
Aiming: Tukima's Dance (dangerous; 22% risk of failure)
Press: ? - help, Shift-Dir - straight line, f/p - orc warlord
Aim: an orc warlord, wielding a +0 broad axe and wearing a +0 ring mail (chance to affect: 13%)
You miscast Tukima's Dance.
You are very lightly contaminated with residual magic.
Nothing appears to happen.
Your magical contamination has completely faded away.
You see here a scroll of acquirement.
F - 2 scrolls of acquirement (gained 1)
The orc warlord hits you with a +0 broad axe.
The orc warlord barely misses you.
There is a gate leading back out of this place here.
The orc warlord hits you with a +0 broad axe.
Welcome back to the Dungeon!
There is an empty arch of ancient stone here.
Items here: ))) ÷÷.
You enter the shallow water.
Moving in this stuff is going to be slow.
Things that are here:
a +0 hand axe; a goblin skeleton
There is a stone staircase leading up here.
The orc warlord hits you with a +0 broad axe!!
You climb upwards.
There is a stone staircase leading down here.
Casting: Tukima's Dance (dangerous; 22% risk of failure)
Confirm with . or Enter, or press ? or * to list all spells.
Aiming: Tukima's Dance (dangerous; 22% risk of failure)
Press: ? - help, Shift-Dir - straight line, f - orc warlord
Aim: an orc warlord, wielding a +0 broad axe and wearing a +0 ring mail (chance to affect: 13%)
The orc warlord resists with almost no effort.
The orc warlord hits you with a +0 broad axe!!
* * * LOW HITPOINT WARNING * * *
The orc warlord hits you with a +0 broad axe!!
You die...

##...###.#.....>.......####
#.....####................# #
###...# #................### #
#.### ##..#.............#. ♣#
##########.###............. ≈#
#...##...# #......###.... ♣##
#........# ##.....####... ≈≈#
#####..#....o# ##.....##.....
≈≈♣##.##.#.#..#.@###...#........#
≈.≈......#.#..#...#...###.......#
..............##.....####........
.......................#.#......#
.≈≈≈≈.....)[......#.#....#....###
≈≈♣≈≈......<...##...##.......####
≈♣≈..............................
♣≈........................##.....
♣)##............................#


You could see an orc warlord.

Vanquished Creatures
  An orc knight (Bailey)
  2 vampire mosquitoes (D:7)
  Purgy (Sewer)
  An ice beast (D:7)
  An orc warrior (Bailey)
  A sky beast (D:5)
  2 ogres
  A black bear (D:6)
  A centaur (D:7)
  2 necrophages (D:6)
  4 wights
  An electric eel (D:6)
  A bullfrog zombie (D:5)
  3 jellies
  A hound (D:6)
  2 iguanas
  Ijyb (D:5)
  An orc wizard (D:5)
  A hound skeleton (D:4)
  A howler monkey zombie (D:7)
  2 gnolls (Bailey)
  A howler monkey skeleton (D:6)
  9 adders
  4 river rats (D:3)
  3 ufetubi
  2 worms
  3 dart slugs
  9 orcs
  7 bats
  8 endoplasms
  4 giant cockroaches
  19 goblins
  9 hobgoblins
  5 jackals
  13 kobolds
  5 quokkas
  7 ball pythons
  6 frilled lizards
  15 rats
160 creatures vanquished.

Vanquished Creatures (collateral kills)
  A wight (D:7)
1 creature vanquished.

Vanquished Creatures (others)
  2 dancing weapons
  3 plants (D:6)
5 creatures vanquished.

Grand Total: 166 creatures vanquished

Notes
Turn   | Place    | Note
-------+----------+-------------------------------------------
     0 | D:5      | BlueFish the Vampire Delver began the quest for the Orb.
     0 | D:5      | Reached XP level 1. HP: 17/17 MP: 1/1
    63 | D:5      | Noticed Ijyb
    71 | D:5      | Killed Ijyb
    72 | D:5      | Reached skill level 8 in Stealth
    72 | D:5      | Reached XP level 2. HP: 23/23 MP: 2/2
   107 | D:5      | Gained mutation: You are afflicted with vampirism and can
                  | become a bat while bloodless. [Vampire growth]
   107 | D:5      | Reached XP level 3. HP: 26/29 MP: 3/3
   252 | D:4      | Reached skill level 9 in Stealth
   252 | D:4      | Reached XP level 4. HP: 35/35 MP: 4/4
   302 | D:3      | Found a glowing drain.
   464 | Sewer    | Entered a sewer
   540 | Sewer    | Noticed Purgy
   554 | Sewer    | Killed Purgy
   555 | Sewer    | Reached XP level 5. HP: 34/41 MP: 5/5
   900 | D:2      | Reached XP level 6. HP: 47/47 MP: 6/6
  1098 | D:1      | Found Pumis's Book Shop.
  1420 | D:1      | Reached skill level 10 in Stealth
  1634 | D:1      | Found a faded altar of an unknown god.
  1637 | D:1      | You fall into a shaft and drop 1 floor!
  3707 | D:4      | Reached skill level 1 in Armour
  3792 | D:5      | Reached XP level 7. HP: 52/52 MP: 7/7
  3831 | D:5      | Found a staircase to the Ecumenical Temple.
  3850 | Temple   | Entered the Ecumenical Temple
  4344 | D:5      | Reached skill level 11 in Stealth
  4499 | D:1      | Bought a book of Maledictions for 154 gold pieces
  4503 | D:1      | Learned a level 3 spell: Tukima's Dance
  4646 | D:6      | Reached skill level 1 in Hexes
  4665 | D:6      | Found a shadowy altar of Dithmenos.
  4683 | D:6      | Became a worshipper of Dithmenos the Shadowed
  4706 | D:6      | Got the Handbook of the Escort and Contamination
  4770 | D:6      | Reached skill level 5 in Short Blades
  4887 | D:6      | Reached XP level 8. HP: 60/60 MP: 9/9
  4900 | D:6      | Reached skill level 12 in Stealth
  4900 | D:6      | Reached skill level 1 in Spellcasting
  5267 | D:7      | Reached skill level 1 in Invocations
  5778 | D:7      | Found a flagged portal.
  5795 | Bailey   | Entered a bailey
  5800 | Bailey   | Noticed an orc warlord
  5823 | Bailey   | Reached * piety under Dithmenos
  5876 | Bailey   | Noticed an orc knight
  5922 | Bailey   | HP: 2/61 [orc knight (21)]
  5954 | Bailey   | HP: 1/61 [orc knight (18)]
  5968 | Bailey   | Killed an orc knight
  5969 | Bailey   | Reached XP level 9. HP: 14/66 MP: 3/12
  6066 | Bailey   | Found a runed translucent gate.
  6068 | Bailey   | Found a runed translucent gate.
  6070 | Bailey   | Found a runed translucent gate.
  7127 | Bailey   | Identified the +0 leather armour of the Little Devil {-Tele
                  | Int+4}
  7239 | D:6      | Slain by an orc warlord

Illustrated notes

Levels and vault maps discovered:
D:1:      ncdulo_watergridlock, layout_basic, chequers_ecumenical_altar_simple,
          serial_shops, shop
D:2:      layout_loops_ring
D:3:      layout_loops_corners, portal_sewer_entry_b
D:4:      layout_basic, serial_forest, infiniplex_forest_lined_room_2,
          infiniplex_forest_zigzag_2, infiniplex_forest_lined_ring,
          infiniplex_forest_end_1, infiniplex_forest_clump_curved,
          infiniplex_forest_zigzag_1, infiniplex_forest_fountain,
          infiniplex_forest_clump_small, infiniplex_forest_lined_room_2
D:5:      layout_rooms, minmay_temple_entry_slanted, uniq_ijyb
D:6:      layout_cave_pools, nicolae_dithmenos_shadow_blocks, st_stairs_14,
          serial_bayou_ford_a
D:7:      layout_basic, serial_shops, nicolae_shop_waterfront, enter_bailey_3,
          minivault_26, hangedman_abyss_or_decor_lesser_grid, uniq_pikel
Temple:   roderic_octagonal_lattice_temple

Skill      XL: |  1  2  3  4  5  6  7  8 |
---------------+-------------------------+-----
Stealth        | 8 9 10 11 12 | 12.5
Fighting       | 3 4 |  4.6
Short Blades   | 3 4 5 7 |  7.3
Dodging        | 3 4 |  4.9
Armour         | 1 2 |  2.1
Hexes          | 1 3 |  3.7
Spellcasting   | 2 |  2.3
Invocations    | 2 |  2.1

Action                   |  1- 3 |  4- 6 |  7- 9 || total
-------------------------+-------+-------+-------++-------
Melee: Short sword       |     8 |   330 |       ||   338
       Bite              |       |    28 |    32 ||    60
       Rapier            |       |     1 |   295 ||   296
Throw: Dart              |       |       |     1 ||     1
 Cast: Tukima's Dance    |       |       |    17 ||    17
  Use: Scroll            |       |     7 |     3 ||    10
       Potion            |       |       |     2 ||     2
 Stab: Sleeping          |     4 |    44 |     8 ||    56
Armor: Leather armour    |     2 |    20 |       ||    22
       Troll leather arm |       |    62 |    92 ||   154
Dodge: Dodged            |     2 |   179 |   205 ||   386

Table legend: (Time is in decaauts)
 A = Elapsed time spent in this place.
 B = Non-inter-level travel time spent in this place.
 C = Inter-level travel time spent in this place.
 D = Time resting spent in this place.
 E = Time spent auto-exploring this place.
 F = Levels seen in this place.
 G = Mean time per level.
                   A        B        C        D        E       F      G
               +--------+--------+--------+--------+--------+-----+--------+
         Total |   7219 |   6882 |    337 |    877 |   3858 |  10 |  721.9 |
       Dungeon |   5409 |   5092 |    317 |    151 |   3350 |   7 |  772.7 |
        Temple |    284 |    264 |     20 |      0 |    243 |   1 |  284.0 |
         Sewer |    176 |    176 |      0 |      0 |    109 |   1 |  176.0 |
        Bailey |   1348 |   1348 |      0 |    726 |    156 |   1 | 1348.0 |
               +--------+--------+--------+--------+--------+-----+--------+

Top non-repeatable levels by time:
  Bailey: 1348 daAuts
     D:3: 1079 daAuts
     D:4: 1051 daAuts
     D:1: 732 daAuts
     D:2: 718 daAuts
     D:6: 708 daAuts
     D:7: 568 daAuts
     D:5: 550 daAuts
  Temple: 284 daAuts
   Sewer: 176 daAuts
